 Dungeon Crawl Stone Soup version 0.31.0-9-g3a7656b989 (webtiles) character file.

Game seed: 15507146089766880632

263 Logoto the Chopper (level 6, -3/53 HPs)
             Began as a Hill Orc Fighter on Jan 24, 2024.
             Incinerated by a bombardier beetle (5 damage)
             ... with a burning spray
             ... on level 5 of the Dungeon.
             The game lasted 00:05:18 (3450 turns).

Logoto the Chopper (Hill Orc Fighter)               Turns: 3450, Time: 00:05:18

Health: -3/53      AC:  8    Str: 21    XL:     6   Next: 19%
Magic:  6/6        EV:  9    Int:  8    God:
Gold:   198        SH:  4    Dex: 10    Spells: 5/5 levels left

rFire   . . .        a - +0 war axe
rCold   . . .        c - +0 buckler
rNeg    . . .        b - +0 scale mail
rPois   .            (no helmet)
rElec   .            (no cloak)
rCorr   .            (no gloves)
SInv    .            e - +0 pair of boots
Will    .....        (no amulet) Stlth
                     (no ring)
HPRegen 0.28/turn    (no ring)
MPRegen 0.10/turn

%: no passive effects
@: on fire, glowing
A: no striking features
a: no special abilities


You were on level 5 of the Dungeon.
You visited 1 branch of the dungeon, and saw 5 of its levels.

You collected 198 gold pieces.

Inventory:

Hand Weapons
 a - a +0 war axe (weapon)
Armour
 b - a +0 scale mail (worn)
 c - a +0 buckler (worn)
 e - a +0 pair of boots (worn)
Jewellery
 t - a ring of fire
Wands
 s - a wand of paralysis (7)
Scrolls
 f - a scroll of revelation {unknown}
 g - 2 scrolls of enchant armour {unknown}
 h - 5 scrolls of identify {unknown}
 i - 2 scrolls of blinking {unknown}
 k - a scroll of vulnerability {unknown}
 l - a scroll of summoning {unknown}
 m - 4 scrolls of teleportation {unknown}
 o - a scroll of immolation {unknown}
 p - 2 scrolls of fear {unknown}
 r - a scroll of noise {unknown}
Potions
 d - 2 potions of might
 j - 2 potions of resistance {unknown}
 n - 3 potions of heal wounds {unknown}
 q - 2 potions of degeneration {unknown}


   Skills:
 + Level 4.4 Fighting
 + Level 5.6 Axes
 + Level 4.4 Armour
 + Level 1.2 Dodging
 + Level 0.5 Stealth
 + Level 4.0 Shields


You had 5 spell levels left.
You didn't know any spells.
Your spell library contained the following spells:

 Spells                   Type           Power      Damage    Failure   Level
 Call Imp                 Summ           0%         N/A       91%         2
 Sublimation of Blood     Necr           0%         N/A       91%         2
 Petrify                  Alch/Erth      0%         N/A       100%        4
 Irradiate                Conj/Alch      0%         3d11      100%        5
 Summon Hydra             Summ           0%         N/A       100%        7


Dungeon Overview and Level Annotations

Branches:
Dungeon (5/15)
 Temple: D:4-7

Altars:


Message History

The burning spray hits you.
You are covered in liquid fire!
You shake off some of the fire as you move.
The liquid fire burns you!
You hit the bombardier beetle but do no damage.
The liquid fire burns you!
The bombardier beetle sprays incendiary fluid at you.
The burning spray hits you.
You are even more covered in liquid fire!
You barely miss the bombardier beetle. The liquid fire burns you!
The bombardier beetle barely misses you.
You slash the bombardier beetle!
The bombardier beetle is heavily wounded.
The liquid fire burns you!
The bombardier beetle barely misses you.
You slash the bombardier beetle!
The bombardier beetle is almost dead.
The liquid fire burns you!
You hit the bombardier beetle but do no damage.
The bombardier beetle is almost dead.
The liquid fire burns you!
The bombardier beetle bites you but does no damage.
You closely miss the bombardier beetle.
The bombardier beetle is almost dead.
The liquid fire burns you!
* * * LOW HITPOINT WARNING * * *
The bombardier beetle bites you.
* * * LOW HITPOINT WARNING * * *
You hit the bombardier beetle.
You kill the bombardier beetle!
The liquid fire burns you!
* * * LOW HITPOINT WARNING * * *
You shake off some of the fire as you move.
The liquid fire burns you!
* * * LOW HITPOINT WARNING * * *
You see here a bombardier beetle corpse.
You shake off some of the fire as you move.
The liquid fire burns you!
You die...

#.#######
##.......# #...
........# .....
#.......# ......
#.......# #....
#.......# #....
#....†..#
#....###.......#
##.@....#####
##..†.....##
#..........# ###
#..........#
....#......<...#
#............#
##...........#
#...<......##
##..........#


There were no monsters in sight!

Vanquished Creatures
  A howler monkey (D:5)
  A bombardier beetle (D:5)
  A jelly (D:4)
  A hound (D:5)
  A gnoll (D:3)
  3 adders
  3 river rats (D:4)
  3 dart slugs
  3 orcs
  10 ball pythons
  3 endoplasms
  A giant cockroach (D:2)
  8 goblins
  4 hobgoblins
  3 quokkas
  4 bats
  A frilled lizard (D:3)
  3 kobolds
  7 rats
61 creatures vanquished.

Notes
Turn   | Place    | Note
-------+----------+-------------------------------------------
     0 | D:1      | Logoto the Hill Orc Fighter began the quest for the Orb.
     0 | D:1      | Reached XP level 1. HP: 19/19 MP: 1/1
   275 | D:1      | Reached XP level 2. HP: 25/27 MP: 2/2
   631 | D:1      | Reached skill level 3 in Axes
   839 | D:2      | Reached XP level 3. HP: 32/33 MP: 3/3
  1336 | D:3      | Reached XP level 4. HP: 6/40 MP: 4/4
  1660 | D:3      | Reached skill level 1 in Dodging
  1821 | D:3      | Reached skill level 4 in Axes
  2891 | D:4      | Reached XP level 5. HP: 40/46 MP: 5/5
  3393 | D:5      | Entered Level 5 of the Dungeon
  3403 | D:5      | Reached skill level 5 in Axes
  3431 | D:5      | Reached XP level 6. HP: 50/53 MP: 6/6
  3449 | D:5      | HP: 2/53 [burnt (5)]
  3450 | D:5      | Incinerated by a bombardier beetle

Illustrated notes

Levels and vault maps discovered:
D:1:      matt_arrival_los_fun, layout_basic
D:2:      layout_rooms
D:3:      minmay_general_purpose_star, layout_loops_cross, minmay_crystal_room,
          minmay_misc_feat_alley
D:4:      layout_loops_corners, gup_sewer_entry_spiral,
          nicolae_underground_beach
D:5:      layout_rooms

Skill      XL: |  1  2  3  4  5 |
---------------+----------------+-----
Axes           | 3 4 5 |  5.6
Fighting       | 4 |  4.4
Dodging        | 1 |  1.2
Armour         | 4 |  4.4
Shields        | 4 |  4.0
Stealth        | |  0.5

Action                     |  1- 3 |  4- 6 || total
---------------------------+-------+-------++-------
  Melee: War axe           |    99 |   123 ||   222
 Armour: Scale mail        |    93 |    93 ||   186
  Dodge: Dodged            |    52 |    43 ||    95
  Block: Buckler           |    23 |    25 ||    48
